Map: Lerilak Crest

Players

LilDicky - Winner!

  • Race: Terran Terran
  • League: Diamond

neurot

  • Race: Zerg Zerg
  • League: Platinum

VOD

http://www.twitch.tv/tumescentpie

Description

Time

  • Played on: Dec. 1, 2015, 6:54 p.m.
  • Length: 17:08
Show
View Real Time Build Order
Export as new Build Order

LilDicky Terran - Winner!

Build Orders: Reaper Expand 

Get SALT Encoding   

  12  0:03  SCV  
  13  0:15  SCV  
  13  0:18  Supply Depot  
  14  0:27  SCV  
  15  0:40  SCV  
  15  0:41  Refinery  
  16  0:44  Barracks  
  16  0:53  SCV  
  17  1:05  SCV  
  18  1:22  SCV  
  19  1:34  Reaper  
  19  1:35  Orbital Command  
  20  1:49  Command Center  
  20  2:02  SCV  
  21  2:12  Supply Depot  
  21  2:14  Barracks Tech Lab  
  21  2:17  SCV  
  22  2:25  Refinery  
  22  2:29  SCV  
  23  2:34  Marauder  
  25  2:38  Factory  
  25  2:41  SCV  
  26  3:04  Marauder  
  28  3:12  SCV  
  28  3:20  Barracks  
  28  3:21  Factory Reactor, Barracks  
  28  3:26  Marauder  
  30  3:27  Orbital Command  
  30  3:34  SCV  
  31  3:46  SCV  
  32  3:50  Supply Depot  
  32  4:00  Hellion x2  
  32  4:01  SCV  
  36  4:09  Armory  
  30  4:21  Hellion  
  30  4:22  Hellion  
  34  4:28  Supply Depot  
  34  4:33  Supply Depot  
  34  4:34  Barracks Tech Lab  
  34  4:35  Barracks Tech Lab  
  34  4:51  Supply Depot  
  34  4:53  Hellion x2  
  38  5:08  Stimpack, Concussive Shells  
  38  5:10  Barracks Tech Lab, Marauder x2  
  38  5:13  SCV  
  43  5:15  Hellion  
  43  5:18  Orbital Command  
  43  5:20  Supply Depot  
  47  5:28  Marauder  
  47  5:32  Marauder  
  47  5:35  Marauder  
  51  5:36  SCV  
  52  5:46  Starport, Hellbat  
  52  5:48  SCV  
  57  5:50  SCV, Marauder  
  58  6:00  SCV  
  58  6:02  Marauder  
  58  6:03  Marauder  
  63  6:09  Hellion x2  
  67  6:22  Marauder  
  69  6:27  SCV  
  70  6:39  Supply Depot  
  69  6:47  Marauder, Medivac  
  46  6:57  Marauder x2  
  42  7:07  Hellion x2  
  44  7:15  Marauder  
  44  7:18  Marauder x2  
  48  7:28  Hellion  
  46  7:36  Marauder  
  46  7:42  Marauder x2  
  50  7:49  Hellion  
  50  7:50  SCV, Starport Reactor  
  53  7:53  SCV, Refinery  
  53  7:54  Refinery  
  54  8:02  Command Center, Marauder  
  56  8:07  Hellion  
  58  8:18  Supply Depot  
  57  8:23  Marauder  
  61  8:27  Marauder  
  61  8:28  SCV x2, Marauder  
  65  8:40  SCV, Medivac x2  
  70  8:43  Widow Mine x2  
  70  8:44  Marauder  
  64  9:26  Marauder, Marine  
  64  9:27  Medivac x2, Marauder  
  67  9:44  Marine  
  68  9:47  Marine  
  68  9:48  Marauder  
  67  9:57  Medivac  
  67  10:02  Marine  
  67  10:03  Engineering Bay  
  67  10:05  Marine  
  73  10:12  Marine  
  73  10:13  Engineering Bay  
  70  10:17  Barracks  
  70  10:19  Barracks x2  
  67  10:23  Marine  
  67  10:30  Orbital Command, Marine  
  67  10:32  SCV  
  67  10:33  SCV  
  70  10:37  Terran Vehicle And Ship Armor Level 1, Missile Turret  
  70  10:41  Marine  
  71  10:44  Missile Turret  
  71  10:48  Terran Infantry Weapons Level 1, Marauder  
  73  10:50  Terran Infantry Armor Level 1, Marine x2  
  73  10:55  Medivac  
  77  10:58  Supply Depot  
  77  10:59  Marauder  
  77  11:03  SCV x2  
  81  11:04  Thor, Missile Turret  
  81  11:08  Marine  
  88  11:11  Combat Shields  
  88  11:13  SCV  
  88  11:15  SCV  
  88  11:16  SCV  
  91  11:21  Marine  
  91  11:22  Supply Depot, Marauder  
  91  11:25  SCV  
  95  11:31  Marine x2  
  97  11:38  SCV x3  
  97  11:39  Marine  
  101  11:43  Marauder  
  103  11:48  Thor  
  103  11:49  Marauder, Marine  
  112  11:57  Marine  
  105  12:26  Marine x4  
  85  12:44  Marine x2  
  86  12:51  Marine x2  
  86  12:52  Barracks x2  
  86  12:53  Barracks x2  
  85  13:01  Marine  
  85  13:02  Marine  
  85  13:08  Marine, Medivac x2  
  85  13:09  Thor, Marine  
  97  13:16  Command Center  
  97  13:19  Marine  
  98  13:20  Marine  
  101  13:27  Marauder x2  
  103  13:37  Marine x2  
  103  13:38  Medivac x2  
  99  13:48  Marine x2  
  86  13:58  Marine  
  86  13:59  Marine x2  
  86  14:00  Marine  
  86  14:02  Thor  
  90  14:03  SCV x3  
  90  14:06  Terran Infantry Weapons Level 2, Marauder  
  90  14:08  Terran Infantry Armor Level 2  
  91  14:27  Marine x2  
  91  14:28  Marine, Marauder  
  91  14:29  Marauder  
  91  14:32  Marine x2  
  91  14:35  Planetary Fortress  
  93  14:39  Missile Turret  
  93  14:44  Terran Vehicle And Ship Armor Level 2  
  93  14:45  Barracks, Marine x2  
  95  14:46  Barracks, Marine  
  95  14:49  Barracks, Marauder  
  95  14:50  Marauder  
  100  14:58  Orbital Command  
  82  15:07  Missile Turret  
  82  15:10  Marine  
  82  15:11  Marauder, Marine x2  
  80  15:28  Marine x2  
  67  15:29  Marine  
  67  15:32  Marine  
  63  15:46  Marine x2  
  63  15:47  Marine  
  66  15:50  Marine  
  66  15:51  Marine  
  68  15:59  SCV x2  
  68  16:04  Marine x3  
  71  16:08  Marine  
  73  16:22  Marine x5  
  73  16:23  Marauder  
  80  16:26  Marine  
  81  16:40  Marine x5  
  81  16:44  Marauder x2  
Show
View Real Time Build Order
Export as new Build Order

neurot Zerg 

Build Orders: Pool First, Zergling Baneling 

Get SALT Encoding   

  12  0:01  Drone  
  13  0:08  Drone  
  14  0:18  Extractor  
  14  0:19  Drone  
  14  0:33  Spawning Pool  
  13  0:36  Drone  
  14  0:45  Overlord  
  14  1:17  Hatchery  
  13  1:25  Metabolic Boost  
  13  1:41  Baneling Nest  
  13  1:42  Drone  
  13  1:48  Drone  
  14  2:00  Drone x2  
  16  2:14  Queen  
  18  2:24  Zergling x4  
  20  2:32  Zergling x2  
  20  2:33  Zergling x2  
  22  2:44  Queen  
  24  3:12  Zergling x8  
  28  3:30  Baneling  
  28  3:31  Baneling x7  
  21  4:27  Zergling x12  
  21  4:28  Zergling x2  
  21  4:29  Overlord x4  
  21  4:30  Lair  
  28  4:34  Extractor  
  28  4:37  Drone  
  28  4:45  Roach Warren  
  27  4:46  Drone  
  28  5:04  Drone x7  
  35  5:07  Drone  
  40  5:28  Roach x3  
  40  5:29  Roach  
  44  5:41  Roach  
  44  5:42  Roach  
  48  5:45  Zergling x8  
  48  5:47  Drone  
  48  5:49  Drone  
  54  6:01  Overlord  
  54  6:26  Baneling x3  
  54  6:27  Baneling x4  
  54  6:29  Zergling x2  
  54  6:30  Zergling x14  
  54  6:31  Zergling x4  
  45  6:59  Roach x4  
  45  7:00  Roach x3  
  57  7:06  Drone  
  57  7:07  Drone x3  
  48  7:49  Zergling x14  
  48  7:50  Zergling x8  
  59  7:55  Spire  
  58  8:04  Glial Reconstitution  
  58  8:14  Hatchery  
  57  8:21  Drone x3  
  57  8:22  Drone x3  
  63  8:28  Extractor  
  63  8:30  Extractor  
  63  8:34  Overlord x2  
  61  8:38  Drone x2  
  63  8:47  Drone  
  62  9:07  Roach  
  62  9:08  Roach x7  
  62  9:09  Roach  
  68  9:15  Mutalisk  
  60  9:20  Zergling x4  
  60  9:21  Zergling x4  
  47  9:31  Mutalisk x2  
  49  9:52  Hatchery  
  48  10:13  Drone x6  
  54  10:14  Queen  
  54  10:18  Queen  
  58  10:27  Baneling x5  
  58  10:30  Centrifical Hooks  
  58  10:39  Mutalisk  
  60  10:43  Drone x2  
  60  10:45  Drone  
  63  10:58  Drone x4  
  67  11:07  Queen  
  67  11:10  Zergling x6  
  72  11:33  Zergling x10  
  72  11:34  Zergling x10  
  82  11:41  Mutalisk x3  
  74  12:30  Roach x8  
  87  13:09  Overseer  
  74  13:44  Roach x4  
  74  13:45  Roach x2  
  75  14:15  Drone x2  
  75  14:16  Drone x4  
  78  14:39  Hatchery  
  77  14:52  Hatchery  
  76  14:56  Hatchery  
  76  14:59  Overlord x4  
  75  15:14  Queen  
  75  15:19  Zergling x2  
  75  15:20  Zergling x10  
  71  15:31  Roach x2  
  66  15:48  Roach x2  
Tags
 
Add a new tag
Caveats
  • Supply blocks, unpowered buildings, or Contaminate may cause inaccurate times.
  • Supply counts are checked every 10 seconds.